 Dungeon Crawl Stone Soup version 0.30.0-17-ge0270778cf (webtiles) character file.

Game seed: 4264713964945962026

30 cdecastro the Sneak (level 3, 0/21 HPs)
             Began as a Kobold Brigand on May 21, 2023.
             Was a Follower of Makhleb.
             Slain by Robin
             ... wielding a +0 whip
              (2 damage)
             ... on level 1 of the Dungeon.
             The game lasted 00:02:40 (1204 turns).

cdecastro the Sneak (Kobold Brigand)                Turns: 1204, Time: 00:02:41

Health: 0/21       AC:  2    Str:  8    XL:     3   Next: 37%
Magic:  3/3        EV: 14    Int: 12    God:    Makhleb [*.....]
Gold:   61         SH:  0    Dex: 18    Spells: 2/2 levels left

rFire   + . .        a - +2 dagger
rCold   + . .        (no shield)
rNeg    . . .        b - +0 robe
rPois   .            (no helmet)
rElec   .            i - scarf {rC+ rF+}
rCorr   .            (no gloves)
SInv    .            (no boots)
Will    .....        (no amulet)
Stlth   ++++         (no ring)
HPRegen 0.23/turn    (no ring)
MPRegen 0.08/turn

%: no passive effects
@: no status effects
A: small, no large weapons, nightstalker 3
a: Renounce Religion


You were on level 1 of the Dungeon.
You worshipped Makhleb.
Makhleb was aware of your devotion.
You visited 1 branch of the dungeon, and saw 2 of its levels.

You collected 61 gold pieces.

Inventory:

Hand Weapons
 a - a +2 dagger (weapon)
Missiles
 d - 2 poisoned darts (quivered)
 e - 3 curare-tipped darts
Armour
 b - a +0 robe (worn)
 c - a +0 cloak
 i - a scarf of resistance (worn)
Jewellery
 f - a ring of resist corrosion
Scrolls
 g - a scroll of brand weapon {unknown}
 k - a scroll of vulnerability {unknown}
Potions
 h - a potion of heal wounds {unknown}
 j - a potion of might {unknown}


   Skills:
 - Level 2.1 Fighting
 * Level 3.7 Short Blades
 * Level 3.0 Throwing
 - Level 1.2 Dodging
 + Level 5.6 Stealth


You had 2 spell levels left.
You didn't know any spells.
Your spell library contained the following spells:

 Spells                   Type           Power      Damage    Failure   Level
 Call Imp                 Summ           0%         N/A       45%         2
 Ensorcelled Hibernation  Hex/Ice        0%         N/A       45%         2
 Passwall                 Tmut/Erth      0%         N/A       45%         2
 Swiftness                Air            0%         N/A       69%         3
 Summon Mana Viper        Hex/Summ       0%         N/A       100%        5
 Spellforged Servitor     Conj/Summ      0%         N/A       100%        7


Dungeon Overview and Level Annotations

Branches:
Dungeon (2/15)

Altars:
Makhleb

Annotations:
D:1 Robin


Innate Abilities, Weirdness & Mutations

You are small and have problems with some larger weapons.
You are completely attuned to the shadows.


Message History

You start resting.
HP restored.
You climb downwards.
Level annotation: Robin
There is a stone staircase leading up here.
Unknown command.
Unknown command.
Robin zaps a wand.
The bolt of dispelling energy misses you.
You climb upwards.
There is a stone staircase leading down here.
Unknown command.
Throw: 4 darts (poison)
Press: ? - help, Q - select action, (/) - cycle Shift-Dir - straight line, f - Robin
Aim: Robin, wielding a +0 whip, wearing a +1 animal skin, wearing a +0 helmet and carrying a wand of quicksilver (6) (70% to hit)
You throw a poisoned dart. The poisoned dart hits Robin!
Robin is poisoned.
Unknown command.
Throw: 3 darts (poison)
Press: ? - help, Q - select action, (/) - cycle Shift-Dir - straight line, f/p - Robin
Aim: Robin, wielding a +0 whip, wearing a +1 animal skin, wearing a +0 helmet and carrying a wand of quicksilver (6) (very poisoned, 70% to hit)
You throw a poisoned dart. The poisoned dart hits Robin.
Robin looks even sicker.
Robin hits you with a +0 whip.
You barely miss Robin. Robin closely misses you.
You hit Robin but do no damage. Robin closely misses you.
You hit Robin.
Robin is lightly wounded.
Robin closely misses you.
You hit Robin.
Robin is lightly wounded.
You hit Robin but do no damage.
Robin is lightly wounded.
Robin zaps a wand.
The bolt of dispelling energy hits you!
Ouch! That really hurt!
* * * LOW HITPOINT WARNING * * *
You hit Robin but do no damage.
Robin is moderately wounded.
Robin says, "A pitiful Kobold like you will never find the ORB!"
Robin hits you with a +0 whip.
You die...

8###8##.##.# #..###...#######.#
........##.# #......#.........#
...........#####..###...#########
.......##............>.#######
⌠###8####.........######.....# ##
######.######..# ##.###.####
#####.........##..#####....†.....
...##########.##.).......###.####
........# ##.##@######......#
##.####.####...#g# #..#####
#...............# #..#
######.####...### #..# #.#####.##
#..# #.......# #..#
#######.####### #..#
........#...# #..#
.######.#...### #..########


You could see Robin (very poisoned).

Vanquished Creatures
  4 dart slugs (D:1)
  A ball python (D:1)
  An endoplasm (D:1)
  4 goblins
  3 hobgoblins
  3 jackals (D:1)
  2 bats (D:1)
  A frilled lizard (D:1)
  A kobold (D:1)
20 creatures vanquished.

Notes
Turn   | Place    | Note
-------+----------+-------------------------------------------
     0 | D:1      | cdecastro the Kobold Brigand began the quest for the Orb.
     0 | D:1      | Reached XP level 1. HP: 12/12 MP: 1/1
   201 | D:1      | Got the Grimoire of Creation
   228 | D:1      | Reached XP level 2. HP: 17/17 MP: 2/2
   533 | D:1      | Reached XP level 3. HP: 15/21 MP: 3/3
   854 | D:1      | Found a faded altar of an unknown god.
  1072 | D:1      | Prayed at the altar of an unknown god.
  1072 | D:1      | Became a worshipper of Makhleb the Destroyer
  1072 | D:1      | Reached * piety under Makhleb
  1102 | D:2      | Noticed Robin
  1204 | D:1      | Slain by Robin

Illustrated notes

Levels and vault maps discovered:
D:1:      kennysheep_arrival_seaside, layout_loops_ring,
          ebering_ecumenical_altar_abandoned, st_stairs_7,
          corexii_hall_statues_i, hex_large
D:2:      layout_basic, moated_statue, uniq_robin

Skill      XL: |  1  2  3 |
---------------+----------+-----
Short Blades   | 3 |  3.7
Throwing       | 3 |  3.0
Fighting       | |  2.1
Dodging        | |  1.2
Stealth        | |  5.6

Action                     || total
---------------------------++-------
  Melee: Dagger            ||    36
         Punch             ||     1
  Throw: Dart              ||    22
   Stab: Sleeping          ||     9
 Armour: Robe              ||     4
  Dodge: Dodged            ||    29
